 Dungeon Crawl Stone Soup version 0.31.0-11-ge490571c62 (webtiles) character file.

Game seed: 12876990440211870396

308 qw the Ducker (level 6, 0/29 (30) HPs)
             Began as a Spriggan Hunter on Feb 4, 2024.
             Slain by a gnoll
             ... wielding a +0 spear
              (6 damage)
             ... on level 4 of the Dungeon.
             The game lasted 00:00:09 (2433 turns).

qw the Ducker (Spriggan Hunter)                     Turns: 2433, Time: 00:00:09

HP:   0/29 (30)     AC:  2    Str:  7    XL:     6   Next: 16%
MP:   7/7           EV: 22    Int: 11    God:
Gold: 96            SH:  0    Dex: 20    Spells: 5/5 levels left

rFire   . . .        a - +0 shortbow
rCold   . . .        (shield currently unavailable)
rNeg    . . .        c - +0 robe
rPois   .            (helmet restricted)
rElec   .            (no cloak)
rCorr   .            (gloves unavailable)
SInv    +            (boots unavailable)
Will    +....        (no amulet)
Stlth   ++           (no ring)
HPRegen 0.24/turn    (no ring)
MPRegen 0.10/turn

%: no passive effects
@: lightly drained, very quick
A: very small, no large weapons, unfitting armour, see invisible, speed 3
a: no special abilities


You were on level 4 of the Dungeon.
You visited 1 branch of the dungeon, and saw 4 of its levels.

You collected 96 gold pieces.


Innate Abilities, Weirdness & Mutations

You are very small and have problems with some larger weapons.
You are too small for most types of armour.
You have supernaturally acute eyesight. (SInv)
You cover ground extremely quickly. (Speed+++)


   Skills:
 - Level 2.0 Fighting
 + Level 5.2 Ranged Weapons
 - Level 7.1 Dodging
 - Level 1.5 Stealth


You had 5 spell levels left.
You didn't know any spells.
Your spell library was empty.

Inventory:

Hand Weapons
 a - a +0 shortbow (weapon)
Armour
 c - a +0 robe (worn)
Scrolls
 b - a scroll of identify
 e - a scroll of teleportation {unknown}
 i - a scroll of blinking {unknown}
Potions
 d - a potion of curing
 f - a potion of heal wounds {unknown}
 g - a potion of mutation {unknown}
 h - a potion of magic {unknown}
 j - a potion of degeneration {unknown}
 k - a potion of might {unknown}
 m - 4 potions of haste

Dungeon Overview and Level Annotations

Branches:
Dungeon (4/15)
 Temple: D:4-7

Altars:

Shops:
D:1 (   D:2 =


Message History

The gnoll hits you with a +0 flail. The gnoll closely misses you.
You shoot an arrow. The arrow barely misses the gnoll.
The arrow closely misses the gnoll.
The arrow hits the gnoll.
The gnoll is severely wounded.
The gnoll barely misses you.
You shoot an arrow. The arrow barely misses the gnoll.
The gnoll hits you with a +0 flail. The gnoll barely misses you.
You shoot an arrow. The arrow hits the gnoll.
The gnoll is almost dead.
The scorpion barely misses you. The gnoll misses you.
The gnoll barely misses you. The scorpion completely misses you.
You shoot an arrow. The arrow hits the gnoll.
You kill the gnoll!
The gnoll misses you. The scorpion barely misses you.
The gnoll closely misses you. The gnoll misses you.
You shoot an arrow.
The arrow hits the gnoll but does no damage.
The gnoll is severely wounded.
The scorpion barely misses you. The gnoll barely misses you.
The gnoll hits you with a +0 flail!
You shoot an arrow. The arrow hits the gnoll.
The gnoll is almost dead.
The scorpion stings you. The gnoll misses you. The gnoll completely misses you.
The scorpion completely misses you.
You shoot an arrow. The arrow completely misses the gnoll.
The scorpion barely misses you. The gnoll closely misses you.
The gnoll misses you.
You shoot an arrow. The arrow hits the gnoll.
You kill the gnoll!
The scorpion misses you. The gnoll closely misses you.
The scorpion completely misses you.
You shoot an arrow. The arrow hits the scorpion!
The scorpion is heavily wounded.
The gnoll hits you from afar with a +0 spear.
The scorpion closely misses you.
You shoot an arrow. The arrow closely misses the scorpion.
The arrow hits the gnoll.
The gnoll is moderately wounded.
The gnoll hits you from afar with a +0 spear.
You die...

##....## ..#
###......###.#
##............#
##............#
#......####..##
##.##### ##.####
### ##....##
###......#
#.)@.....#
#...)s........
#.....g.........
.................
.................
.......).........
................
.............#.


You could see a scorpion and a gnoll.

Vanquished Creatures
  Sigmund (D:2)
  4 adders
  3 gnolls (D:4)
  6 dart slugs
  3 ribbon worms
  An orc (D:4)
  3 bats
  7 endoplasms
  5 giant cockroaches
  6 goblins
  8 hobgoblins
  5 quokkas
  5 ball pythons
  2 frilled lizards (D:1)
  6 kobolds
  5 rats
70 creatures vanquished.

Notes
Turn   | Place    | Note
-------+----------+-------------------------------------------
     0 | D:1      | qw the Spriggan Hunter began the quest for the Orb.
     0 | D:1      | Reached XP level 1. HP: 10/10 MP: 2/2
     0 | D:1      | 0 ||| qw: Version: 0.3-a-160-g6735b56
     0 | D:1      | 0 ||| qw: Game counter: 4320
     0 | D:1      | 0 ||| qw: Melee chars always use a shield: true
     0 | D:1      | 0 ||| qw: God list: Okawaru
     0 | D:1      | 0 ||| qw: Allow faded altars: false
     0 | D:1      | 0 ||| qw: Do Orc after clearing Dungeon:15 true
     0 | D:1      | 0 ||| qw: Do second Lair branch before Depths: true
     0 | D:1      | 0 ||| qw: Lair rune preference: random
     0 | D:1      | 0 ||| qw: Goals: Normal
     0 | D:1      | 0 ||| PLANNING D:1-11
    34 | D:1      | Reached skill level 3 in Dodging
    77 | D:1      | Reached XP level 2. HP: 8/14 MP: 3/3
   121 | D:1      | Reached skill level 4 in Dodging
   169 | D:1      | Found Avirow's Weapon Shoppe.
   243 | D:1      | Reached XP level 3. HP: 18/18 MP: 4/4
   619 | D:1      | 619 ||| READING 2 scrolls labelled PAEKKI NU ECLE.
   619 | D:1      | 619 ||| IDENTIFYING metallic coppery potion
   620 | D:1      | 620 ||| READING scroll of identify.
   620 | D:1      | 620 ||| IDENTIFYING scroll labelled HIVEAHE QOICESH
   621 | D:1      | 621 ||| READING scroll labelled ELUCVE GEZAZXU.
   622 | D:1      | 622 ||| DROPPING scroll of butterflies.
   623 | D:1      | 623 ||| DROPPING scroll of amnesia.
   799 | D:2      | Reached XP level 4. HP: 17/22 MP: 5/5
   880 | D:2      | Found a faded altar of an unknown god.
  1112 | D:2      | Noticed Sigmund
  1117 | D:2      | Killed Sigmund
  1118 | D:2      | Reached skill level 7 in Dodging
  1118 | D:2      | Reached XP level 5. HP: 25/25 MP: 6/6
  1141 | D:2      | Found Deadua's One-of-a-Kind Rings.
  1148 | D:2      | 1148 ||| SHOPLISTING +2 ring of evasion (84 gold, have 26).
  1148 | D:2      | 1148 ||| SHOPLISTING +8 ring of strength (770 gold, have
                  | 26).
  1148 | D:2      | 1148 ||| SHOPLISTING +9 ring of dexterity (1092 gold, have
                  | 26).
  1148 | D:2      | 1148 ||| SHOPLISTING ring "Duojooko" {Ice rN+ Stlth+} (546
                  | gold, have 26).
  1148 | D:2      | 1148 ||| SHOPLISTING ring "Obat" {Fly rElec rN+ Dex-3
                  | Slay+6} (770 gold, have 26).
  1148 | D:2      | 1148 ||| SHOPLISTING ring of Beogh, Hungering {Fire rElec
                  | Slay+2 Stlth+} (702 gold, have 26).
  1448 | D:2      | 1448 ||| READING scroll of identify.
  1448 | D:2      | 1448 ||| IDENTIFYING sapphire potion
  1449 | D:2      | 1449 ||| READING scroll labelled UPIECA IFULLO.
  1450 | D:2      | 1450 ||| READING scroll labelled GEOMPY LASO.
  1450 | D:2      | 1450 ||| ENCHANTING +0 shortbow.
  1451 | D:2      | 1451 ||| READING scroll labelled VEDAFI JEEHU.
  1499 | D:2      | 1499 ||| DROPPING potion of attraction.
  1887 | D:3      | Reached XP level 6. HP: 29/29 MP: 7/7
  2226 | D:3      | 2226 ||| READING scroll of identify.
  2226 | D:3      | 2226 ||| IDENTIFYING cyan potion
  2227 | D:3      | 2227 ||| READING scroll labelled MOTYACL HUROD.
  2228 | D:3      | 2228 ||| DRINKING 5 clear potions.
  2229 | D:3      | 2229 ||| DROPPING potion of ambrosia.
  2432 | D:4      | HP: 6/29 [gnoll/+0 spear (4)]
  2433 | D:4      | Slain by a gnoll

Levels and vault maps discovered:
D:1:      nzn_arrival_depleted_hourglass, layout_rooms, serial_shops, shop,
          roderic_roman_lattice
D:2:      layout_basic, ebering_ecumenical_altar_sacrificial, minivault_5,
          nicolae_shop_unique_rings, corexii_shack, grunt_decor_cap,
          minmay_misc_feat_cross, minmay_misc_feat_encased, uniq_sigmund
D:3:      layout_basic
D:4:      layout_cave_pods, hangedman_decor_lopped

Skill      XL: |  1  2  3  4  5 |
---------------+----------------+-----
Dodging        | 3 4 7 |  7.1
Ranged Weapons | 5 |  5.2
Fighting       | 2 |  2.0
Stealth        | |  1.5

Action                     |  1- 3 |  4- 6 || total
---------------------------+-------+-------++-------
   Fire: Shortbow          |    84 |   105 ||   189
    Use: Scroll            |     3 |     6 ||     9
         Potion            |       |     1 ||     1
 Armour: Robe              |     8 |    15 ||    23
  Dodge: Dodged            |    10 |    53 ||    63

Table legend:
 A = Non-vault XP
 B = Vault XP
 C = Vault XP percentage of total XP
 D = Non-vault monster count
 E = Vault monster count
 F = Vault count percentage of total count
                 A         B        C        D         E       F
            +---------+---------+-------+---------+---------+-------
      Total |     224 |     216 |  49.1 |      68 |       2 |   2.9
            +---------+---------+-------+---------+---------+-------
        D:1 |      62 |       0 |   0.0 |      30 |       0 |   0.0
        D:2 |      74 |     216 |  74.5 |      18 |       2 |  10.0
        D:3 |      38 |       0 |   0.0 |      14 |       0 |   0.0
        D:4 |      50 |       0 |   0.0 |       6 |       0 |   0.0
            +---------+---------+-------+---------+---------+-------
